 Dungeon Crawl Stone Soup version 0.31-a0-716-gc7603755dd (webtiles) character file.

Game seed: 14868769702632299864

121 Xavori the Sneak (level 5, -1/39 HPs)
             Began as an Octopode Chaos Knight on Sept 10, 2023.
             Was a Plaything of Xom.
             Slain by Ijyb
             ... wielding a +2 dagger of pain
              (3 damage)
             ... on level 3 of the Dungeon.
             The game lasted 00:01:58 (8978 turns).

Xavori the Sneak (Octopode Chaos Knight)            Turns: 8978, Time: 00:01:59

Health: -1/39      AC:  1    Str: 13      XL:     5   Next: 5%
Magic:  5/5        EV: 14    Int: 11 (13) God:    Xom [....*.]
Gold:   84         SH:  0    Dex: 18      Spells: 4/4 levels left

rFire   x x .        a - +1 short sword (flame)
rCold   . . .        (no shield)
rNeg    . . .        (helmet restricted)
rPois   +            (no amulet)
rElec   .            f - ring of Zin's Whim {rPois Will+ Str+3}
rCorr   .            (no ring)
SInv    .            (no ring)
Will    +....        (no ring)
Stlth   ++++         (no ring)
HPRegen 1.06/turn    (no ring)
MPRegen 0.09/turn    (no ring)
                     (no ring)

%: no passive effects
@: no status effects
A: almost no armour, amphibious, 8 rings, camouflage 1, gelatinous body 1,
(nimble swimmer 1), tentacles, antennae 1, agile 1, deterioration 1,
regeneration 1, robust 1, heat vulnerability 2, noise suppression
a: Renounce Religion


You were on level 3 of the Dungeon.
You worshipped Xom.
You were a beloved toy of Xom.
You visited 1 branch of the dungeon, and saw 3 of its levels.

You collected 114 gold pieces.
You spent 30 gold pieces at shops.

Inventory:

Hand Weapons
 a - a +1 short sword of flaming (weapon)
Jewellery
 f - the ring of Zin's Whim (left tentacle) {rPois Will+ Str+3}
   (You acquired it on level 2 of the Dungeon)

   [ring of willpower]

   Str+3:     It affects your strength (+3).
   rPois:     It protects you from poison Will+: It increases your willpower.
Wands
 o - a wand of flame (26)
Scrolls
 b - 3 scrolls of butterflies
 d - a scroll of fog
 g - a scroll of fear {unknown}
 h - a scroll of silence {unknown}
 l - a scroll of blinking {unknown}
 p - a scroll of noise {unknown}
Potions
 c - a potion of heal wounds {unknown}
 e - a potion of ambrosia {unknown}
 i - a potion of invisibility {unknown}
 j - a potion of magic {unknown}
 k - 2 potions of lignification {unknown}
 m - a potion of curing
 n - 2 potions of might {unknown}


   Skills:
 + Level 3.5 Fighting
 + Level 3.9 Short Blades
 + Level 2.7 Dodging
 + Level 4.1 Stealth


You had 4 spell levels left.
You didn't know any spells.
Your spell library contained the following spells:

 Spells                   Type           Power      Damage    Failure   Level
 Hailstorm                Conj/Ice       0%         3d3       71%         3
 Summon Ice Beast         Ice/Summ       0%         N/A       98%         4
 Simulacrum               Ice/Necr       0%         N/A       100%        6


Dungeon Overview and Level Annotations

Branches:
Dungeon (3/15)

Altars:
Nemelex Xobeh

Shops:
D:2 *

Annotations:
D:3 Ijyb


Innate Abilities, Weirdness & Mutations

You cannot wear most types of armour.
You are amphibious.
You can wear up to eight rings at the same time.
Your skin changes colour to match your surroundings (Stealth+).
Your rubbery body absorbs attacks. (AC +1, EV +1)
((You are camouflaged when in or above water. (Stealth+)))
You have tentacles for arms and can constrict up to eight enemies at once.
You have a pair of small antennae on your head.
You are agile. (Dex +4, Str/Int -1)
Your body sometimes deteriorates upon taking damage.
Your natural rate of healing is unusually fast.
You are robust. (+10% HP)
You are very vulnerable to heat. (rF--)
You passively dampen the noise of your surroundings.


Message History

An orc comes into view. It is wielding a +0 flail.
You puncture the orc! You burn the orc.
You kill the orc!
Ijyb zaps a wand.
The roots erupt in riotous growth!
The grasping roots grab you!
Ijyb is unaffected.
The orc is unaffected.
The grasping roots constrict you.
Your body deteriorates!
You feel dopey.
Unknown command.
You hit Ijyb. You burn Ijyb. Your grab misses Ijyb.
Ijyb is lightly wounded.
Unknown command.
You barely miss Ijyb. You grab Ijyb.
Ijyb is lightly wounded.
You constrict Ijyb, but do no damage.
The orc hits you from afar with a +0 trident.
The orc completely misses you. Ijyb hits you with a +2 dagger of pain.
The grasping roots constrict you.
Your body deteriorates!
You feel dopey.
You hit Ijyb. You burn Ijyb. You squeeze Ijyb.
Ijyb is moderately wounded.
You constrict Ijyb, but do no damage. The orc barely misses you.
The orc hits you with a +0 war axe. Ijyb barely misses you.
The grasping roots constrict you.
* * * LOW HITPOINT WARNING * * *
Unknown command.
You hit Ijyb. You burn Ijyb.
Ijyb is heavily wounded.
You constrict Ijyb, but do no damage. The orc closely misses you.
The orc misses you. x2; Ijyb hits you with a +2 dagger of pain.
* * * LOW HITPOINT WARNING * * *
The grasping roots constrict you.
* * * LOW HITPOINT WARNING * * *
The grasping roots release their grip on you.
You hit Ijyb. You burn Ijyb.
You tentacle-slap Ijyb, but do no damage.
You squeeze Ijyb!
Ijyb is almost dead.
You constrict Ijyb. The orc completely misses you. x2
The orc closely misses you. Ijyb hits you with a +2 dagger of pain.
You die...

# #...+.......######.#
#.#.#.#..............#
#.#...#..>..........)#
###..................).#
.........[.†#.........##
.......!....+.........))
..........#.#.....######
..........#.#..)..#
......g@o.#.#.....#
......)o..#.#.....+
......oo.##.#.....#
..........#.#.....#
####......#.#...>.
#......# #......#
.......#


You could see Ijyb and 4 orcs.

Vanquished Creatures
  An orc priest (D:3)
  Jessica (D:3)
  An orc wizard (D:3)
  2 orcs (D:3)
  4 bats
  3 endoplasms
  A giant cockroach (D:2)
  4 goblins
  3 hobgoblins
  8 jackals
  2 ball pythons
  2 frilled lizards
  2 kobolds (D:2)
  4 rats
38 creatures vanquished.

Notes
Turn   | Place    | Note
-------+----------+-------------------------------------------
     0 | D:1      | Xavori the Octopode Chaos Knight began the quest for the
                  | Orb.
     0 | D:1      | Reached XP level 1. HP: 16/16 MP: 1/1
    92 | D:1      | Reached XP level 2. HP: 6/21 MP: 2/2
   262 | D:1      | XOM: silly message
   752 | D:1      | XOM: silly message
  1562 | D:1      | XOM: silly message
  2029 | D:1      | XOM: cloud trail
  2127 | D:1      | XOM: silly message
  2208 | D:1      | XOM: divination: detect items
  2466 | D:1      | XOM: divination: magic mapping
  3336 | D:1      | XOM is BORED!
  3520 | D:1      | XOM: cloud trail
  3796 | D:1      | XOM: god gift: great mace {god gift}
  4629 | D:1      | XOM is BORED!
  4629 | D:1      | XOM: noise
  5943 | D:1      | XOM: give mutations
  5943 | D:1      | Gained mutation: You are vulnerable to heat. (rF-) [Xom's
                  | mischief]
  5943 | D:1      | Gained mutation: Your body sometimes deteriorates upon
                  | taking damage. [Xom's mischief]
  5943 | D:1      | Gained mutation: You are robust. (+10% HP) [Xom's mischief]
  5943 | D:1      | Gained mutation: You are very vulnerable to heat. (rF--)
                  | [Xom's mischief]
  6128 | D:1      | XOM: torment (13/23 hp)
  6489 | D:1      | XOM: noise
  6551 | D:1      | XOM: silly message
  6689 | D:1      | XOM: divination: detect creatures
  6767 | D:1      | XOM is BORED!
  6948 | D:1      | XOM: give mutation
  6948 | D:1      | Gained mutation: You do not regenerate when monsters are
                  | visible. [Xom's mischief]
  7217 | D:1      | XOM: noise
  7815 | D:1      | XOM: divination: magic mapping
  7943 | D:1      | XOM: give mutations
  7943 | D:1      | Lost mutation: You do not regenerate when monsters are
                  | visible. [Xom's grace]
  7943 | D:1      | Gained mutation: Your natural rate of healing is unusually
                  | fast. [Xom's grace]
  7943 | D:1      | Gained mutation: You have a pair of small antennae on your
                  | head. [Xom's grace]
  7943 | D:1      | Gained mutation: You passively dampen the noise of your
                  | surroundings. [Xom's grace]
  7943 | D:1      | Gained mutation: You are agile. (Dex +4, Str/Int -1) [Xom's
                  | grace]
  8016 | D:2      | Found a sparkling altar of Nemelex Xobeh.
  8153 | D:2      | Reached skill level 1 in Stealth
  8225 | D:2      | Found a faded altar of an unknown god.
  8243 | D:2      | Reached XP level 3. HP: 28/28 MP: 3/3
  8381 | D:2      | XOM: god gift: scimitar {god gift}
  8385 | D:2      | Identified a scroll of acquirement
  8385 | D:2      | Acquired the ring of Zin's Whim {rPois Will+ Str+3}
  8631 | D:2      | Found Taudd's General Store.
  8635 | D:2      | Bought a potion of curing for 30 gold pieces
  8873 | D:3      | Reached skill level 2 in Stealth
  8904 | D:3      | Noticed Jessica
  8914 | D:3      | Killed Jessica
  8915 | D:3      | Reached XP level 4. HP: 34/34 MP: 4/4
  8921 | D:3      | Reached skill level 3 in Stealth
  8929 | D:3      | XOM: polymorph orc -> endoplasm
  8932 | D:3      | Reached skill level 4 in Stealth
  8932 | D:3      | Reached XP level 5. HP: 33/39 MP: 5/5
  8968 | D:3      | Noticed Ijyb
  8978 | D:3      | Slain by Ijyb

Illustrated notes

Levels and vault maps discovered:
D:1:      ldierk_walled_garden, layout_loops_corners
D:2:      layout_basic, shapermc_ecumenical_altar_starsandcircs, basic_altar,
          serial_shops, shop
D:3:      minmay_skewed_foursquare, layout_basic, uniq_terence, uniq_jessica,
          uniq_ijyb, uniq_grinder

Skill      XL: |  1  2  3  4 |
---------------+-------------+-----
Stealth        | 1 2 4 |  4.1
Fighting       | |  3.5
Short Blades   | |  3.9
Dodging        | |  2.7

Action                     |  1- 3 |  4- 6 || total
---------------------------+-------+-------++-------
  Melee: Short sword       |    68 |    27 ||    95
         Constrict         |    16 |     4 ||    20
         Tentacles         |     7 |     7 ||    14
         Punch             |       |     1 ||     1
    Use: Scroll            |     5 |       ||     5
   Stab: Sleeping          |     5 |       ||     5
 Armour: Skin              |    28 |    13 ||    41
  Dodge: Dodged            |    38 |    13 ||    51

Table legend: (Time is in decaauts)
 A = Elapsed time spent in this place.
 B = Non-inter-level travel time spent in this place.
 C = Inter-level travel time spent in this place.
 D = Time resting spent in this place.
 E = Time spent auto-exploring this place.
 F = Levels seen in this place.
 G = Mean time per level.
                   A        B        C        D        E       F      G
               +--------+--------+--------+--------+--------+-----+--------+
         Total |   8961 |   8904 |     57 |   7140 |   1516 |   3 | 2987.0 |
       Dungeon |   8961 |   8904 |     57 |   7140 |   1516 |   3 | 2987.0 |
               +--------+--------+--------+--------+--------+-----+--------+

Top non-repeatable levels by time:
     D:1: 7939 daAuts
     D:2: 919 daAuts
     D:3: 103 daAuts
